 Dungeon Crawl Stone Soup version 0.20.1-1-g8b1a95d (webtiles) character file.

179 vatarom the Skirmisher (level 5, 0/42 HPs)
             Began as a Demonspawn Abyssal Knight on Sept 26, 2017.
             Was a Believer of Lugonu.
             Slain by a worker ant (5 damage)
             ... on level 4 of the Dungeon.
             The game lasted 00:08:20 (2982 turns).

vatarom the Skirmisher (Demonspawn Abyssal Knight)  Turns: 2982, Time: 00:08:21

Health: 0/42       AC:  9    Str: 12    XL:     5   Next: 32%
Magic:  7/7        EV: 12    Int: 13    God:    Lugonu [**....]
Gold:   175        SH:  0    Dex: 14    Spells: 4/4 levels left

rFire    + . .     SeeInvis .   a - +1 falchion
rCold    . . .     Gourm    .   (no shield)
rNeg     . . .     Faith    .   d - +2 leather armour {rF+}
rPois    .         Spirit   .   (no helmet)
rElec    .         Reflect  .   (no cloak)
rCorr    +         Harm     .   (no gloves)
MR       .....                  (no boots)
Stlth    +.........             j - amulet of inaccuracy (curse)
Regen    0.2/turn               e - ring of resist corrosion
MPRegen  0.1/turn               (no ring)

@: lethally poisoned (0 -> -15)
A: claws 1, iridescent scales 2, powered by death 1
a: Depart the Abyss, Bend Space, Renounce Religion


You were on level 4 of the Dungeon.
You worshipped Lugonu.
Lugonu was pleased with you.
You were not hungry.

You visited 1 branch of the dungeon, and saw 4 of its levels.
You visited the Abyss 1 time.

You collected 175 gold pieces.

Inventory:

Hand Weapons
 a - a +1 falchion (weapon)
Armour
 d - a +2 leather armour of fire resistance (worn)
Jewellery
 e - a ring of resist corrosion (left claw)
 j - a cursed amulet of inaccuracy (around neck)
Wands
 h - a wand of confusion (35/48)
Scrolls
 b - a scroll of identify
 f - a scroll of teleportation
 k - a scroll of amnesia
Comestibles
 c - 2 bread rations
 g - a chunk of flesh
 i - a meat ration


   Skills:
 + Level 4.0 Fighting
 * Level 3.4 Long Blades
 - Level 1.7 Armour
 + Level 2.1 Dodging
 + Level 3.6 Invocations


You had 4 spell levels left.
You didn't know any spells.

Dungeon Overview and Level Annotations

Branches:
Dungeon (4/15)
 Temple: D:4-7

Altars:
Dithmenos
Fedhas
Gozag
Makhleb
Xom


Innate Abilities, Weirdness & Mutations

You have sharp fingernails.
You are mostly covered in iridescent scales. (AC +4)
You regenerate a little health from kills.


Message History

You closely miss the worker ant.
The worker ant is heavily wounded.
* * * LOW HITPOINT WARNING * * *
You feel sick. The worker ant bites you.
* * * LOW HITPOINT WARNING * * *
You closely miss the worker ant.
The worker ant is heavily wounded.
* * * LOW HITPOINT WARNING * * *
You feel sick. The worker ant bites you.
* * * LOW HITPOINT WARNING * * *
You are more poisoned.
The worker ant poisons you!
You hit the worker ant but do no damage.
The worker ant is heavily wounded.
* * * LOW HITPOINT WARNING * * *
You feel sick. The worker ant closely misses you.
You riposte.
You hit the worker ant but do no damage.
The worker ant is heavily wounded.
The worker ant bites you.
You die...

## ##. ####..##
#......#
#.....<######
#...........#
#.........@a#
#.................
#######......#....
#..........#
#.....##...#
#.?...# ...#
#.....# ..?
####### #.


You could see a worker ant.

Vanquished Creatures
  An orc priest (D:3)
  5 adders
  2 river rats (D:3)
  An ooze (D:3)
  A worm (D:3)
  A dart slug (D:1)
  3 leopard geckos
  4 orcs (D:3)
  3 ball pythons
  7 giant cockroaches
  9 goblins
  8 hobgoblins
  A jackal (D:1)
  3 kobolds
  A quokka (D:2)
  9 bats
  2 frilled lizards
  8 rats
69 creatures vanquished.

Notes
Turn   | Place    | Note
-------+----------+-------------------------------------------
     0 | Abyss:1  | vatarom the Demonspawn Abyssal Knight began the quest for the Orb.
     0 | Abyss:1  | Reached XP level 1. HP: 18/18 MP: 2/2
    14 | D:1      | Escaped the Abyss
   124 | D:1      | Reached skill level 1 in Dodging
   161 | D:1      | Gained mutation: You are partially covered in iridescent scales. (AC +2) [demonic ancestry]
   161 | D:1      | Reached XP level 2. HP: 5/24 MP: 3/3
  1148 | D:2      | Gained mutation: You are mostly covered in iridescent scales. (AC +4) [demonic ancestry]
  1148 | D:2      | Reached XP level 3. HP: 29/29 MP: 5/5
  1309 | D:2      | Reached ** piety under Lugonu
  1873 | D:3      | Gained mutation: You have sharp fingernails. [demonic ancestry]
  1873 | D:3      | Reached XP level 4. HP: 32/35 MP: 6/6
  2353 | D:3      | Gained mutation: You regenerate a little health from kills. [demonic ancestry]
  2353 | D:3      | Reached XP level 5. HP: 31/42 MP: 7/7
  2474 | D:3      | Found a glowing drain.
  2499 | D:3      | Reached skill level 4 in Fighting
  2878 | D:3      | Found a shimmering altar of Xom.
  2880 | D:3      | Found a shimmering altar of Xom.
  2880 | D:3      | Found a burning altar of Makhleb.
  2882 | D:3      | Found an opulent altar of Gozag.
  2882 | D:3      | Found a blossoming altar of Fedhas.
  2882 | D:3      | Found a shadowy altar of Dithmenos.
  2982 | D:4      | Slain by a worker ant

Skill      XL: |  1  2  3  4  5 |
---------------+----------------+-----
Long Blades    | 2 3 |  3.4
Dodging        | 1 2 |  2.1
Invocations    | 3 |  3.6
Fighting       | 4 |  4.0
Armour         | |  1.7

Action                   |  1- 3 |  4- 6 || total
-------------------------+-------+-------++-------
Melee: Falchion          |   107 |   134 ||   241
Invok: Bend Space        |       |     1 ||     1
  Use: Scroll            |     5 |     3 ||     8
       Potion            |       |     3 ||     3
  Eat: Chunk             |     3 |     4 ||     7
Armor: Leather armour    |    57 |    36 ||    93
       Skin              |       |   109 ||   109
Dodge: Dodged            |    93 |    75 ||   168
       Rpst.: Falchion   |    26 |    25 ||    51
